Map: Jagannatha LE

Players

Computer

  • Race: Terran Terran
  • League: Diamond
  • Spawn Location: 7:00

Pumba - Winner!

  • Race: Zerg Zerg
  • League: Diamond
  • Spawn Location: 1:00

VOD

Have the link to the VOD?

Description

Time

  • Played on: Aug. 24, 2021, 9:17 p.m.
  • Length: 15:07
Show
View Real Time Build Order
Export as new Build Order

Computer Terran 

Build Orders: Reaper Expand 

Get SALT Encoding   

  12  0:00  SCV  
  13  0:12  SCV  
  14  0:17  Supply Depot  
  14  0:24  SCV  
  15  0:38  SCV  
  15  0:40  Barracks  
  16  0:44  Refinery  
  16  0:50  SCV  
  17  1:03  SCV  
  18  1:15  SCV  
  19  1:28  Reaper, Orbital Command  
  20  1:48  Command Center  
  20  1:55  SCV  
  20  1:56  Supply Depot  
  20  2:00  Barracks Reactor  
  21  2:10  Barracks  
  21  2:18  Refinery  
  21  2:19  SCV  
  22  2:27  Factory  
  22  2:31  SCV  
  23  2:38  Marine  
  23  2:39  Marine  
  23  2:43  SCV  
  26  2:55  SCV  
  26  2:58  Barracks Tech Lab  
  27  3:03  Orbital Command  
  27  3:04  Marine  
  28  3:06  Marine  
  28  3:07  SCV  
  28  3:11  Factory Tech Lab  
  30  3:20  Bunker  
  30  3:27  Marine x2  
  31  3:34  Siege Tank  
  31  3:36  SCV  
  34  3:41  SCV  
  34  3:44  Supply Depot  
  35  3:48  SCV  
  35  3:55  Orbital Command  
  36  3:57  Starport  
  36  4:01  Marine x3  
  38  4:06  SCV  
  38  4:07  Stimpack  
  38  4:09  Siege Tank  
  42  4:19  Marine x3  
  45  4:27  SCV  
  45  4:28  SCV  
  47  4:37  Marine  
  47  4:38  Marine x2  
  50  4:45  SCV  
  51  4:50  Supply Depot  
  51  4:51  Supply Depot  
  51  4:53  Viking  
  51  4:54  SCV  
  54  5:12  Command Center, Widow Mine  
  56  5:14  SCV x2  
  56  5:19  Refinery  
  58  5:25  Supply Depot, Barracks Reactor  
  60  5:35  Widow Mine  
  60  5:38  Medivac  
  60  5:39  Medivac  
  60  5:42  Engineering Bay  
  64  5:43  SCV x2  
  64  5:44  Engineering Bay  
  66  5:53  Combat Shield  
  66  5:55  SCV x2, Marine  
  69  6:01  Widow Mine  
  69  6:03  Marine x2  
  73  6:07  SCV x2  
  75  6:12  Marine  
  75  6:14  Supply Depot  
  76  6:19  Supply Depot, SCV x2  
  76  6:23  Liberator  
  81  6:31  SCV x2  
  79  6:34  Orbital Command  
  78  6:40  Siege Tank  
  78  6:45  SCV  
  78  6:46  Missile Turret  
  78  6:55  Medivac  
  78  6:59  SCV  
  78  7:00  Terran Infantry Armor Level 1  
  81  7:02  Supply Depot  
  81  7:04  Supply Depot  
  81  7:06  Medivac  
  83  7:10  Missile Turret  
  83  7:13  Supply Depot x2  
  83  7:15  Orbital Command  
  83  7:16  Widow Mine  
  83  7:17  Marine x3  
  87  7:42  Terran Infantry Weapons Level 1  
  84  7:49  Refinery, SCV x2  
  84  7:50  Missile Turret  
  86  7:52  SCV  
  87  8:01  SCV  
  87  8:02  Widow Mine  
  90  8:06  Barracks x2  
  90  8:07  Barracks  
  90  8:08  Armory, Factory  
  90  8:15  Missile Turret  
  86  8:32  Marine x2  
  86  8:33  Marine  
  92  8:35  Medivac  
  92  8:38  SCV  
  91  8:50  Marine x2  
  91  8:51  Marine  
  91  8:54  Factory Reactor  
  88  8:59  SCV  
  88  9:00  Hellbat  
  88  9:01  Refinery  
  91  9:03  Refinery  
  91  9:04  SCV  
  91  9:05  Sensor Tower  
  91  9:08  Liberator x2, Marine x3  
  101  9:10  Supply Depot x2  
  101  9:11  Supply Depot  
  101  9:12  SCV  
  101  9:13  Supply Depot  
  101  9:16  Barracks Reactor x3  
  102  9:17  Terran Vehicle Weapons Level 1  
  102  9:22  Missile Turret, Factory Reactor  
  102  9:24  SCV  
  102  9:25  SCV  
  102  9:26  Marine x2  
  102  9:28  SCV  
  106  9:37  SCV x2  
  108  9:45  Supply Depot  
  108  9:46  Factory Tech Lab  
  108  9:48  Widow Mine x2  
  108  9:51  Marine x2  
  108  9:52  Marine x5  
  116  9:59  SCV  
  120  10:11  Thor  
  120  10:12  Widow Mine x2  
  124  10:20  Command Center  
  124  10:28  Liberator x2  
  127  10:29  Marine x2  
  127  10:30  Marine x3  
  127  10:32  Refinery  
  116  10:59  SCV x3  
  118  11:05  Widow Mine x3  
  124  11:11  SCV x3  
  127  11:23  SCV x3, Missile Turret x2  
  130  11:27  Widow Mine  
  130  11:28  Widow Mine, Siege Tank  
  130  11:29  Drilling Claws  
  137  11:34  Missile Turret  
  137  11:35  SCV x2  
  137  11:36  SCV  
  140  11:47  SCV  
  140  11:48  SCV, Widow Mine  
  106  12:21  Medivac x2  
  107  12:24  Orbital Command  
  107  12:30  Engineering Bay  
  107  12:33  Engineering Bay, Marine x2  
  109  12:40  SCV  
  109  12:43  Siege Tank  
  109  12:44  SCV, Widow Mine x2  
  117  12:45  Terran Vehicle Weapons Level 2  
  117  12:50  Marine  
  117  12:51  Marine  
  120  12:52  SCV  
  120  12:56  SCV  
  101  13:08  Marine x4  
  101  13:10  Sensor Tower  
  104  13:16  SCV  
  103  13:23  Marine x3  
  103  13:25  SCV x2  
  100  13:39  Orbital Command  
  93  14:04  SCV  
  93  14:06  Command Center  
  93  14:07  Missile Turret  
  94  14:10  Missile Turret, Widow Mine x3  
  94  14:13  Missile Turret  
  94  14:15  Marine x4  
  94  14:16  Marine  
  106  14:19  SCV, Marine x3  
  106  14:21  Marine  
  110  14:27  Refinery  
  88  14:49  SCV  
  88  14:52  SCV  
  87  14:54  Refinery  
Show
View Real Time Build Order
Export as new Build Order

Pumba Zerg - Winner!

Build Orders: Pool First 

Get SALT Encoding   

  12  0:02  Drone  
  13  0:10  Drone  
  14  0:17  Overlord  
  14  0:22  Extractor  
  14  0:23  Drone  
  15  0:35  Drone  
  15  0:36  Drone  
  17  0:45  Extractor  
  17  0:47  Drone  
  17  0:51  Spawning Pool  
  16  0:58  Drone  
  17  1:13  Drone  
  18  1:19  Hatchery  
  18  1:24  Drone  
  18  1:31  Drone  
  19  1:39  Queen  
  21  1:41  Zergling x2  
  22  1:48  Metabolic Boost  
  22  1:56  Overlord  
  22  2:14  Queen  
  24  2:16  Drone  
  24  2:17  Drone  
  26  2:26  Drone  
  27  2:33  Lair  
  27  2:34  Drone x2  
  29  2:48  Extractor  
  29  2:49  Drone x3  
  31  2:51  Drone  
  31  2:52  Drone x2  
  34  2:59  Overlord  
  34  3:08  Zergling x2  
  34  3:12  Drone  
  36  3:17  Queen  
  38  3:25  Drone x6  
  44  3:34  Overlord  
  44  3:44  Overseer  
  44  3:45  Spire  
  44  3:47  Drone  
  44  3:52  Drone x2  
  46  4:01  Hatchery  
  45  4:05  Drone x2, Extractor  
  45  4:06  Drone  
  45  4:07  Drone x2, Extractor  
  45  4:09  Drone  
  49  4:13  Overlord  
  49  4:16  Overlord  
  49  4:30  Baneling Nest  
  48  4:38  Drone  
  49  4:39  Drone x3  
  49  4:44  Zergling x6  
  55  4:49  Zergling x4, Queen  
  59  5:06  Zergling x2  
  60  5:07  Overlord x2  
  60  5:08  Overlord  
  60  5:12  Queen  
  62  5:29  Mutalisk x8  
  62  5:32  Zergling x2  
  79  5:47  Drone x7  
  86  5:53  Zerg Flyer Weapons Level 1  
  86  5:54  Overlord x2  
  86  5:56  Overlord  
  86  6:01  Evolution Chamber  
  86  6:03  Evolution Chamber  
  84  6:17  Drone x10  
  94  6:37  Mutalisk x6  
  106  6:44  Overseer  
  106  6:46  Hatchery  
  105  6:50  Drone  
  105  6:52  Extractor  
  105  6:53  Extractor  
  103  6:54  Zerg Ground Armor Level 1, Zerg Melee Weapons Level 1  
  103  7:01  Pneumatized Carapace  
  103  7:03  Extractor  
  103  7:04  Extractor  
  101  7:11  Drone  
  101  7:13  Drone x3  
  101  7:15  Overlord x4  
  105  7:16  Overlord x2  
  105  7:23  Centrifugal Hooks  
  105  7:35  Drone x11  
  116  7:54  Zerg Flyer Weapons Level 2  
  116  7:57  Drone x3  
  119  8:00  Overlord  
  119  8:03  Mutalisk x2  
  119  8:05  Hatchery  
  122  8:09  Mutalisk x2, Hatchery  
  122  8:25  Zergling x20  
  132  8:31  Spore Crawler  
  130  8:40  Drone x2  
  130  8:41  Drone x2  
  129  8:54  Mutalisk x7  
  143  9:01  Drone  
  144  9:14  Zerg Melee Weapons Level 2, Zerg Ground Armor Level 2  
  144  9:16  Mutalisk, Extractor  
  144  9:17  Mutalisk x3  
  143  9:19  Overseer  
  143  9:21  Overseer, Extractor  
  150  9:47  Drone  
  150  9:49  Drone x3  
  150  9:50  Drone x3  
  150  9:51  Overlord x3  
  157  9:54  Mutalisk x6  
  157  9:55  Mutalisk  
  157  9:56  Infestation Pit  
  170  10:12  Hatchery  
  169  10:19  Zerg Flyer Armor Level 1  
  169  10:21  Zergling x2  
  169  10:22  Zergling x24, Infestation Pit  
  169  10:23  Baneling x2  
  169  10:24  Baneling  
  180  10:28  Baneling x7  
  174  10:54  Mutalisk x10  
  190  11:12  Overlord x2  
  190  11:14  Hive  
  190  11:31  Baneling x4  
  190  11:32  Baneling x19  
  190  11:41  Spore Crawler x2  
  190  11:42  Spore Crawler x2  
  190  11:43  Spore Crawler  
  190  11:45  Spore Crawler, Drone x3  
  187  11:49  Zergling x26  
  193  11:56  Baneling x6  
  193  11:57  Baneling x6  
  173  12:18  Zergling x28  
  187  12:23  Drone x3  
  190  12:35  Baneling x12  
  190  12:36  Baneling x4  
  190  12:54  Baneling x5  
  190  12:56  Baneling x11  
  190  12:57  Baneling x10  
  184  13:00  Overlord  
  176  13:14  Drone x5  
  176  13:15  Drone x6  
  176  13:16  Drone  
  188  13:27  Zergling x16  
  194  13:34  Overlord  
  194  13:35  Overseer x3  
  194  13:39  Zergling x8  
  194  14:16  Hatchery  
  193  14:19  Drone x6  
  193  14:22  Baneling x11, Overseer  
  193  14:23  Baneling x2, Overseer  
Tags
 
Add a new tag
Caveats
  • Supply blocks, unpowered buildings, or Contaminate may cause inaccurate times.
  • Supply counts are checked every 10 seconds.